 Dungeon Crawl Stone Soup version 0.30.0-5-g1a98f26d00 (webtiles) character file.

Game seed: 10558430960174726730

12417 backslashecho the Severer (level 11, -7/97 HPs)
             Began as a Minotaur Berserker on May 10, 2023.
             Was an Elder of Trog.
             Killed from afar by Lodul (31 damage)
             ... with a bolt of lightning
             ... on level 11 of the Dungeon.
             The game lasted 00:19:29 (11728 turns).

backslashecho the Severer (Minotaur Berserker)     Turns: 11728, Time: 00:19:30

Health: -7/97      AC: 15    Str: 26    XL:     11   Next: 62%
Magic:  10/10      EV:  9    Int: 10    God:    Trog [****..]
Gold:   613        SH: 11    Dex: 10    Spells: 10/10 levels left

rFire   . . .        a - +0 war axe
rCold   . . .        L - +0 kite shield
rNeg    . . .        n - +0 chain mail
rPois   .            (helmet restricted)
rElec   .            I - +0 cloak
rCorr   .            N - +0 pair of gloves
SInv    +            k - +0 pair of boots
Will    ++...        c - amulet of reflection Stlth
                     g - ring of see invisible
HPRegen 1.36/turn    O - +6 ring of intelligence
MPRegen 0.12/turn

%: reflection
@: strong-willed, on berserk cooldown, regenerating, slowed, very slow
A: horns 2, retaliatory headbutt
a: Renounce Religion, Berserk, Trog's Hand, Brothers in Arms


You were on level 11 of the Dungeon.
You worshipped Trog.
Trog was greatly pleased with you.
You visited 3 branches of the dungeon, and saw 13 of its levels.

You collected 769 gold pieces.
You spent 156 gold pieces at shops.

Inventory:

Hand Weapons
 a - a +0 war axe (weapon)
 b - a +1 demon whip of venom
 H - a +0 morningstar of draining
Missiles
 q - 21 poisoned darts (quivered)
Armour
 k - a +0 pair of boots (worn)
 n - a +0 chain mail (worn)
 z - a +0 plate armour
 D - +0 acid dragon scales
 I - a +0 cloak (worn)
 L - a +0 kite shield (worn)
 N - a +0 pair of gloves (worn)
Jewellery
 c - an amulet of reflection (around neck)
 g - a ring of see invisible (left hand)
 B - an amulet of guardian spirit
 O - a +6 ring of intelligence (right hand)
 P - a ring of ice
Wands
 t - a wand of flame (17)
 J - a wand of mindburst (5)
Scrolls
 e - 14 scrolls of identify {unknown}
 i - 3 scrolls of enchant weapon {unknown}
 j - 2 scrolls of fear {unknown}
 l - 5 scrolls of teleportation {unknown}
 m - a scroll of torment {unknown}
 p - a scroll of vulnerability {unknown}
 s - a scroll of butterflies {unknown}
 w - a scroll of silence {unknown}
 y - a scroll of enchant armour {unknown}
 A - a scroll of brand weapon {unknown}
 F - 3 scrolls of poison {unknown}
 Q - a scroll of blinking {unknown}
Potions
 d - 4 potions of heal wounds
 f - 2 potions of flight {unknown}
 h - 3 potions of brilliance {unknown}
 o - a potion of magic {unknown}
 r - 4 potions of lignification {unknown}
 u - a potion of mutation {unknown}
 v - 2 potions of attraction {unknown}
 x - 7 potions of curing
 C - 3 potions of might
 E - a potion of haste {unknown}
 G - a potion of invisibility {unknown}
 M - a potion of cancellation {unknown}
Miscellaneous
 K - a box of beasts


   Skills:
 - Level 9.0 Fighting
 * Level 16.4 Axes
 - Level 6.0 Throwing
 - Level 9.0 Armour
 - Level 6.0 Dodging
 - Level 1.0 Unarmed Combat


You had 10 spell levels left.
You didn't know any spells.
Your spell library was empty.

Dungeon Overview and Level Annotations

Branches:
Dungeon (11/15)            Temple (1/1) D:7            Lair (1/5) D:10
    Orc (0/2) D:11

Altars:
Dithmenos
Elyvilon
Hepliaklqana
Makhleb
Ru
Uskayaw
Wu Jian
Yredelemnul
Zin

Shops:
D:1 (   D:6 !

Annotations:
D:11 Lodul


Innate Abilities, Weirdness & Mutations

You have a pair of horns on your head.
You reflexively headbutt those who attack you in melee.


Message History

You regained 2 hp, and now have 40/97 hp.
You feel the effects of Trog's Hand fading.
Your ogre barely misses the howler monkey.
The howler monkey hits your ogre.
Your ogre barely misses the howler monkey.
The howler monkey hits your ogre!
You regained 2 hp, and now have 42/97 hp.
Your ogre barely misses the howler monkey.
You regained 2 hp, and now have 44/97 hp.
Your ogre closely misses the howler monkey.
The ogre hits your ogre with a +0 giant club!!
The howler monkey hoots and howls with incredible vigour!
Your ogre closely misses the howler monkey.
You hear a shout!
You regained 2 hp, and now have 46/97 hp.
You regained 2 hp, and now have 48/97 hp.
Your skin stops crawling.
You feel less strong-willed.
Your ogre barely misses the howler monkey.
Electricity crackles from Lodul's apparatus.
The bolt of lightning hits you!!
* * * LOW HITPOINT WARNING * * *
Your ogre rages.
You take 29 damage, and have 19/97 hp.
MASSIVE DAMAGE!!
The howler monkey hits you.
* * * LOW HITPOINT WARNING * * *
You take 4 damage, and have 15/97 hp.
You hit the howler monkey.
The howler monkey is moderately wounded.
Your ogre barely misses the howler monkey.
The howler monkey misses you. You furiously retaliate!
You headbutt the howler monkey!
Your ogre closely misses the howler monkey.
You slash the howler monkey!
You kill the howler monkey!
Trog accepts your kill.
Your ogre closely misses the ogre.
Your skin crawls.
You feel strong-willed. The ogre barely misses your ogre.
Your ogre completely misses the ogre.
You regained 2 hp, and now have 18/97 hp.
Your ogre closely misses the ogre.
The ogre hits your ogre with a +0 giant club!!
Your ogre dies!
Your ogre's corpse disappears in a puff of smoke!
You regained 2 hp, and now have 20/97 hp.
You fail to use your ability.
You regained 2 hp, and now have 22/97 hp.
Electricity crackles from Lodul's apparatus.
The bolt of lightning hits you!!
You die...

............#
#.........#
#...O.....#
#.........#
.###..OO####.#
......O†####.#
##+###§.O....#
#.......# #....@..#
#.###...# #.# #...#
#.# #...# #.###...#
########+###.......#
>..................#
.##.......#..#####.#
.##.......#........#


You could see Lodul and 3 ogres.

Vanquished Creatures
  A centaur warrior (D:11)
  Amaemon (D:7)
  Pikel (D:5)
  2 manticores
  Maurice (D:9)
  Joseph (D:7)
  An orange demon (D:8)
  Psyche (D:9)
  Maggie (D:9)
  A komodo dragon (D:10)
  2 trolls (D:10)
  2 shadows
  A wyvern (D:10)
  3 wraiths
  4 yaks (D:10)
  4 steam dragons
  3 basilisks (D:10)
  2 acid dragons
  3 water moccasins
  Duvessa (D:7)
  4 orc warriors
  3 ice beasts
  A black bear (D:5)
  6 ogres
  2 centaurs
  Blork the orc (D:5)
  2 kobold brigands (D:9)
  2 gnoll sergeants (D:9)
  A necrophage (D:6)
  3 scorpions
  3 bullfrogs
  5 wights (D:7)
  Dowan (D:7)
  23 killer bees
  2 howler monkeys
  7 hounds
  3 jellies
  11 orc priests
  An iguana (D:7)
  16 orc wizards
  A hound skeleton (D:6)
  6 gnolls (D:9)
  15 adders
  A shadow imp (D:5)
  5 white imps
  2 ufetubi
  A worm (D:3)
  2 dart slugs (D:3)
  38 orcs
  9 ball pythons
  An endoplasm (D:1)
  3 giant cockroaches
  2 goblins
  9 hobgoblins
  4 jackals (D:3)
  5 quokkas
  4 bats
  2 frilled lizards (D:2)
  17 kobolds
  5 rats
265 creatures vanquished.

Notes
Turn   | Place    | Note
-------+----------+-------------------------------------------
     0 | D:1      | backslashecho the Minotaur Berserker began the quest for
                  | the Orb.
     0 | D:1      | Reached XP level 1. HP: 19/19 MP: 0/0
   159 | D:1      | Reached XP level 2. HP: 25/27 MP: 1/1
   245 | D:1      | Reached skill level 4 in Axes
   497 | D:1      | Found Podwub's Weapon Shop.
   698 | D:2      | Reached skill level 1 in Unarmed Combat
   924 | D:2      | Reached XP level 3. HP: 33/33 MP: 2/2
  1157 | D:3      | Reached XP level 4. HP: 40/40 MP: 3/3
  1158 | D:3      | Reached ** piety under Trog
  1206 | D:3      | Found a basalt altar of Yredelemnul.
  1328 | D:3      | Reached skill level 5 in Axes
  1528 | D:3      | Reached XP level 5. HP: 47/47 MP: 4/4
  2036 | D:4      | Found a shadowy altar of Dithmenos.
  2266 | D:4      | Identified the +0 leather armour "Kuaploafes" {Int+2 Dex+3}
  2325 | D:4      | Reached skill level 6 in Axes
  2706 | D:4      | Reached skill level 5 in Fighting
  2734 | D:4      | Reached XP level 6. HP: 53/56 MP: 5/5
  2885 | D:5      | Entered Level 5 of the Dungeon
  3026 | D:5      | Noticed Blork the orc
  3032 | D:5      | Killed Blork the orc
  3033 | D:5      | Reached skill level 7 in Axes
  3077 | D:5      | Reached *** piety under Trog
  3078 | D:5      | Reached XP level 7. HP: 61/61 MP: 6/6
  3209 | D:5      | Reached skill level 5 in Armour
  3316 | D:5      | Reached skill level 8 in Axes
  3345 | D:5      | Reached XP level 8. HP: 53/71 MP: 7/7
  3365 | D:5      | Noticed Pikel
  3377 | D:5      | Killed Pikel
  3378 | D:5      | Reached skill level 9 in Axes
  3385 | D:5      | Reached skill level 10 in Axes
  3648 | D:5      | Found a hazy altar of Hepliaklqana.
  3648 | D:5      | Found an ornate altar of the Wu Jian Council.
  3958 | D:6      | Reached XP level 9. HP: 44/81 MP: 8/8
  4177 | D:6      | Found Pufosh's Distillery.
  4181 | D:6      | Bought a potion of heal wounds for 60 gold pieces
  4181 | D:6      | Bought 2 potions of might for 96 gold pieces
  4312 | D:6      | Reached skill level 11 in Axes
  4495 | D:6      | Found a burning altar of Makhleb.
  4871 | D:7      | Noticed Duvessa
  4871 | D:7      | Noticed Dowan
  5114 | D:7      | Killed Dowan
  5117 | D:7      | Killed Duvessa
  5364 | D:7      | Found a staircase to the Ecumenical Temple.
  5445 | D:7      | Reached **** piety under Trog
  5691 | D:7      | Reached skill level 12 in Axes
  5696 | D:7      | Noticed Joseph
  5712 | D:7      | Killed Joseph
  6181 | D:7      | Reached skill level 1 in Throwing
  6183 | D:7      | Reached XP level 10. HP: 73/91 MP: 9/9
  6424 | Temple   | Entered the Ecumenical Temple
  6520 | D:8      | Found a sacrificial altar of Ru.
  6875 | D:8      | Noticed Amaemon
  6875 | D:8      | Noticed an orange demon
  6920 | D:7      | Killed Amaemon
  6921 | D:7      | Reached skill level 13 in Axes
  6991 | D:8      | Killed an orange demon
  7386 | D:8      | Noticed a manticore
  7395 | D:8      | Killed a manticore
  8021 | D:9      | Noticed Maggie
  8031 | D:9      | Killed Maggie
  8032 | D:9      | Reached skill level 14 in Axes
  8212 | D:9      | Noticed Psyche
  8223 | D:9      | Killed Psyche
  8243 | D:9      | Reached skill level 5 in Dodging
  8660 | D:9      | Noticed Maurice
  8684 | D:9      | Killed Maurice
  8808 | D:9      | Reached XP level 11. HP: 91/97 MP: 10/10
  8901 | D:9      | Found a hide-covered altar of Uskayaw.
  9505 | D:10     | Entered Level 10 of the Dungeon
  9752 | D:10     | Reached skill level 15 in Axes
  9758 | D:10     | Reached skill level 5 in Throwing
  9975 | D:10     | Reached ***** piety under Trog
 10987 | D:10     | Found a staircase to the Lair.
 11381 | Lair:1   | Entered Level 1 of the Lair of Beasts
 11465 | D:11     | Found a staircase to the Orcish Mines.
 11481 | D:11     | Noticed a centaur warrior
 11495 | D:11     | Killed a centaur warrior
 11549 | D:11     | Reached skill level 16 in Axes
 11696 | D:11     | Noticed Lodul
 11728 | D:11     | Killed from afar by Lodul

Illustrated notes

Levels and vault maps discovered:
D:1:      dpeg_arrival_boxorama, layout_basic, serial_shops,
          nicolae_shop_tiny_real_fake_doors, minmay_misc_feat_chi
D:2:      layout_basic, minmay_misc_feat_secret_circle
D:3:      minmay_evil_eye, layout_basic, mainiacjoe_overflow_paths,
          chequers_serial_rivers_micro_a, nicolae_half_adder
D:4:      layout_basic, kennysheep_mini_moat
D:5:      layout_rooms, jmf_multi_god_temple, nzn_random_ring, uniq_pikel,
          uniq_blork_the_orc
D:6:      layout_cave_pools, makhleb_blood_cavern_becter, serial_shops, shop,
          nrook_mini_backslash
D:7:      layout_loops_ring, temple_doors_ab, uniq_duvessa, uniq_joseph
D:8:      layout_basic, nicolae_ru_great_annihilating_truth, minmay_small_thing,
          uniq_amaemon
D:9:      hellmonk_destroyed_diamonds, layout_loops_corners, lemuel_tele_altar,
          uniq_psyche, uniq_maurice, uniq_maggie
D:10:     layout_rooms, erik_lair_dragon, serial_co_window_serial,
          co_window_corner_a, co_window_of_opportunity_a, co_window_corner_a,
          co_window_corner_a, co_window_of_opportunity_a, co_window_paths_a,
          co_window_corner_a, co_window_corner_a, co_window_corner_a,
          co_window_of_opportunity_c, co_window_cross_4, co_window_cross_2,
          co_window_paths_d
D:11:     layout_stronghold, orc_0_dummy, grunt_decor_fettered, uniq_harold,
          uniq_lodul, uniq_grum, uniq_urug
Temple:   nicolae_temple_bog_church
Lair:1:   layout_hall_layers, grunt_megastairs_4, lemuel_fruit_tree

Skill      XL: |  1  2  3  4  5  6  7  8  9 10 11 |
---------------+----------------------------------+-----
Axes           | 4 5 6 7 8 10 12 14 16 | 16.4
Unarmed Combat | 1 |  1.0
Fighting       | 4 5 6 7 9 |  9.0
Armour         | 3 4 6 7 8 9 |  9.0
Throwing       | 1 4 6 |  6.0
Dodging        | 5 6 |  6.0

Action                     |  1- 3 |  4- 6 |  7- 9 | 10-12 || total
---------------------------+-------+-------+-------+-------++-------
  Melee: Hand axe          |    39 |   156 |   172 |       ||   367
         Headbutt          |     3 |    22 |    47 |    68 ||   140
         Punch             |       |     2 |     7 |     1 ||    10
         War axe           |       |       |    70 |   329 ||   399
         Unarmed           |       |       |       |    21 ||    21
  Throw: Dart              |       |       |     3 |     8 ||    11
 Invoke: Berserk           |     1 |     1 |     4 |     7 ||    13
         Trog's Hand       |       |     1 |     2 |     5 ||     8
         Brothers in Arms  |       |       |       |     1 ||     1
  Evoke: Wand              |       |       |       |    12 ||    12
 Armour: Animal skin       |     8 |       |       |       ||     8
         Chain mail        |       |    80 |    86 |   112 ||   278
         Skin              |       |       |       |     5 ||     5
  Dodge: Dodged            |    29 |    65 |    91 |   121 ||   306
  Block: Other             |       |    39 |    33 |    52 ||   124
         Reflection        |       |     1 |       |     5 ||     6
         Kite shield       |       |       |       |    61 ||    61
